 Dungeon Sprint DCSS version 0.27.1-33-g824d729ab1 (webtiles) character file.

Game seed: 7957811058668987785

109 Hipnos the Skirmisher (level 4, -3/34 HPs)
             Began as a Gargoyle Berserker on Dec 1, 2021.
             Was a Follower of Trog.
             Slain by Sigmund (10 damage)
             ... in the Dungeon (Sprint I: "Red Sonja").
             The game lasted 00:00:35 (362 turns).

Hipnos the Skirmisher (Gargoyle Berserker)           Turns: 362, Time: 00:00:36

Health: -3/34      AC: 10    Str: 21    XL:     4   Next: 90%
Magic:  4/4        EV: 10    Int:  8    God:    Trog [*.....]
Gold:   54         SH:  0    Dex:  9    Spells: 3/3 levels left

rFire    . . .     SeeInvis .   a - +0 mace
rCold    . . .     Faith    .   (no shield)
rNeg     + . .     Spirit   .   i - +0 scale mail
rPois    ∞         Reflect  .   (no helmet)
rElec    +         Harm     .   (no cloak)
rCorr    .         Rampage  .   (no gloves)
Will     .....     NoTele   +   (no boots)
Stlth    ..........             (no amulet)
HPRegen  0.11/turn              (no ring)
MPRegen  0.09/turn              (no ring)

@: on berserk cooldown, slowed, very slow
A: sickness immunity, AC +3, negative energy resistance 1, electricity
resistance, torment resistance 1, petrification resistance
a: Renounce Religion, Berserk


You were in the Dungeon.
You worshipped Trog.
Trog was aware of your devotion.
You visited 1 branch You collected 54 gold pieces.

Inventory:

Hand Weapons
 a - a +0 mace (weapon)
Armour
 b - a +0 animal skin
 i - a +0 scale mail (worn)
Scrolls
 h - a scroll of blinking
Potions
 c - a potion of curing
 e - a potion of haste
 f - 2 potions of magic
 g - a potion of berserk rage


   Skills:
 * Level 7.3 Fighting
 * Level 6.8 Maces & Flails
 + Level 3.4 Armour
 + Level 2.3 Dodging


You had 3 spell levels left.
You didn't know any spells.
Your spell library was empty.

Dungeon Overview and Level Annotations

Branches:
Dungeon (1/1)

Altars:

Annotations:
D Sigmund


Innate Abilities, Weirdness & Mutations

You are immune to sickness and miasma.
Your stone body is resilient. (AC +3)
You are immune to poison.
You resist negative energy. (rN+)
You are resistant to electric shocks. (rElec)
You are resistant to unholy torment.
You are immune to petrification.


Message History

Sigmund flickers and vanishes!
Deactivating autopickup; reactivate with Ctrl-A.
You feel a strong urge to attack something.
Something hits you but does no damage.
There is an open door here.
You barely miss something. You hit something. You completely miss something.
You hear some strange, mumbled words.
Something tries to affect you, but you resist.
You closely miss something. Something hits you but does no damage.
You hit something. You closely miss something. Something hits you!
You hit something. You sock something!
You hear some strange, mumbled words.
You are confused.
You bump into the rock wall.
You are no longer berserk.
You are exhausted.
You feel yourself slow down. Something hits you but does no damage.
Something hits you!
You bump into the rock wall.
Something hits you but does no damage.
You're too confused to move!
You hear some strange, mumbled words.
A puff of flame appears from out of thin air!
The puff of flame hits you. Something hits you.
* * * LOW HITPOINT WARNING * * *
You feel much better.
You feel less confused. Something hits you. Something hits you.
There is an open door here.
You closely miss something. Something hits you.
You hit something but do no damage. Something hits you.
* * * LOW HITPOINT WARNING * * *
You closely miss something. Something hits you but does no damage.
You miss something. Something hits you!
You die...

#############
#<.#..)..#..+
#..').#..@{.#
#..#####'####
#..# #..#
#..# ####
#..# #⌠⌠#
####


There were no monsters in sight!

Vanquished Creatures
  An ogre (D)
  Ijyb (D)
2 creatures vanquished.

Notes
Turn   | Place    | Note
-------+----------+-------------------------------------------
     0 | D        | Hipnos the Gargoyle Berserker began the quest for the Orb.
     0 | D        | Reached XP level 1. HP: 14/14 MP: 1/1
     1 | D        | Noticed Ijyb
    12 | D        | Killed Ijyb
    13 | D        | Reached skill level 5 in Fighting
    13 | D        | Reached XP level 2. HP: 12/21 MP: 2/2
    13 | D        | Reached XP level 3. HP: 16/26 MP: 3/3
   192 | D        | Noticed an ogre
   200 | D        | Killed an ogre
   201 | D        | Reached skill level 7 in Fighting
   201 | D        | Reached XP level 4. HP: 26/34 MP: 4/4
   341 | D        | Noticed Sigmund
   362 | D        | Slain by Sigmund

Illustrated notes

Levels and vault maps discovered:
D:        dungeon_sprint_1 [red_sonja_temple_1, red_sonja_temple_small_1]

Skill      XL: |  1  2  3 |
---------------+----------+-----
Fighting       | 5 7 |  7.3
Maces & Flails | 4 6 |  6.8
Armour         | 3 |  3.4
Dodging        | 2 |  2.3

Action                   |  1- 3 |  4- 6 || total
-------------------------+-------+-------++-------
Melee: Mace              |    16 |    12 ||    28
Invok: Berserk           |     2 |     1 ||     3
  Use: Potion            |       |     1 ||     1
Armor: Scale mail        |       |     5 ||     5
Dodge: Dodged            |     5 |       ||     5
